 Dungeon Crawl Stone Soup version 0.21.0-24-g2553a33 (webtiles) character file.

157 marrkus the Ducker (level 5, -1/43 HPs)
             Began as a Gnoll Gladiator on Jan 21, 2018.
             Killed from afar by an orc wizard (3 damage)
             ... with a puff of flame
             ... on level 3 of the Dungeon.
             The game lasted 00:07:59 (2055 turns).

marrkus the Ducker (Gnoll Gladiator)                Turns: 2055, Time: 00:08:00

Health: -1/43      AC:  4    Str: 17    XL:     5   Next: 38%
Magic:  7/7        EV: 16    Int: 10    God:
Gold:   31         SH:  0    Dex: 17    Spells: 6/6 levels left

rFire    . . .     SeeInvis .   a - +0 quarterstaff
rCold    . . .     Gourm    .   (shield currently unavailable)
rNeg     . . .     Faith    .   b - +0 leather armour
rPois    .         Spirit   .   c - +0 helmet
rElec    .         Reflect  +   (no cloak)
rCorr    .         Harm     .   (no gloves)
MR       .....                  (no boots)
Stlth    +.........             o - +3 amulet of reflection
HPRegen  0.14/turn              (no ring)
MPRegen  0.10/turn              (no ring)

@: confused, hasted, very quick
A: distributed training, fangs 1, strong nose
a: no special abilities


You were on level 3 of the Dungeon.
You were hungry.

You visited 1 branch of the dungeon, and saw 3 of its levels.

You collected 31 gold pieces.

Inventory:

Hand Weapons
 a - a +0 quarterstaff (weapon)
Missiles
 d - 2 throwing nets
 q - 5 curare-tipped needles
 s - 4 tomahawks (quivered)
Armour
 b - a +0 leather armour (worn)
 c - a +0 helmet (worn)
Jewellery
 o - a +3 amulet of reflection (around neck)
Scrolls
 e - a scroll of blinking {unknown}
 g - a scroll of teleportation {unknown}
 j - 4 scrolls of remove curse {unknown}
 m - a scroll of enchant armour {unknown}
 r - a scroll of immolation {unknown}
Potions
 h - 2 potions of mutation {unknown}
 i - a potion of might {unknown}
 k - a potion of resistance {unknown}
 l - a potion of curing {unknown}
 n - a potion of degeneration {unknown}
 p - a potion of haste
Comestibles
 f - 2 rations


   Skills:
 + Level 4.7 Fighting
 + Level 1.4 Short Blades
 + Level 1.4 Long Blades
 + Level 1.4 Axes
 + Level 1.4 Maces & Flails
 + Level 1.4 Polearms
 + Level 6.7 Staves
 + Level 1.4 Slings
 + Level 1.4 Bows
 + Level 1.4 Crossbows
 + Level 4.7 Throwing
 + Level 1.4 Armour
 + Level 6.7 Dodging
 + Level 1.4 Stealth
 + Level 1.4 Shields
 + Level 1.4 Unarmed Combat
 + Level 1.4 Spellcasting
 + Level 1.1 Conjurations
 + Level 1.1 Hexes
 + Level 1.1 Charms
 + Level 1.1 Summonings
 + Level 1.1 Necromancy
 + Level 1.1 Translocations
 + Level 1.1 Transmutations
 + Level 1.1 Fire Magic
 + Level 1.1 Ice Magic
 + Level 1.1 Air Magic
 + Level 1.1 Earth Magic
 + Level 1.1 Poison Magic
 + Level 1.6 Invocations
 + Level 1.4 Evocations


You had 6 spell levels left.
You didn't know any spells.

Dungeon Overview and Level Annotations

Branches:
Dungeon (3/15)

Altars:


Innate Abilities, Weirdness & Mutations

Your experience applies equally to all skills.
You have very sharp teeth.
Your uncanny sense of smell can sniff out nearby items.


Message History

A magic dart appears from out of thin air!
The magic dart hits you!
* * * LOW HITPOINT WARNING * * *
You bump into the rock wall.
You hear some strange, mumbled words.
You are more confused.
You bump into the rock wall.
There is a stone staircase leading up here.
In your confused state, you trip and fall back down the stairs.
* * * LOW HITPOINT WARNING * * *
You hear some strange, mumbled words.
Something tries to affect you, but you resist.
A magic dart appears from out of thin air!
The magic dart hits you!
* * * LOW HITPOINT WARNING * * *
In your confused state, you trip and fall back down the stairs.
* * * LOW HITPOINT WARNING * * *
A puff of flame appears from out of thin air!
The puff of flame hits you!
You die...

∆ ### ∆ #.. #.# #.#
###.###.####
.........@.#######
##.###.##..{oogo# ∆#
#.###.########)######.##
#....#..................
#####.####.†...o.).....#
#.# #.†...........# #.#
#....?......... #.#
#.......######. #.#
#..........#


You could see 3 orcs and a goblin.

Vanquished Creatures
  A bullfrog skeleton (D:2)
  Robin (D:3)
  3 adders (D:2)
  A gnoll (D:1)
  An ooze (D:1)
  A worm (D:2)
  A dart slug (D:1)
  An orc (D:3)
  A ball python (D:1)
  4 giant cockroaches
  19 goblins
  9 hobgoblins
  A quokka (D:2)
  9 bats
  5 frilled lizards
  5 kobolds
  8 rats
71 creatures vanquished.

Notes
Turn   | Place    | Note
-------+----------+-------------------------------------------
     0 | D:1      | marrkus the Gnoll Gladiator began the quest for the Orb.
     0 | D:1      | Reached XP level 1. HP: 20/20 MP: 1/1
    86 | D:1      | Reached XP level 2. HP: 23/26 MP: 2/2
   253 | D:1      | Reached XP level 3. HP: 31/31 MP: 3/3
   472 | D:1      | Reached skill level 1 in Invocations
  1042 | D:2      | Reached skill level 1 in Short Blades
  1042 | D:2      | Reached skill level 1 in Long Blades
  1042 | D:2      | Reached skill level 1 in Axes
  1042 | D:2      | Reached skill level 1 in Maces & Flails
  1042 | D:2      | Reached skill level 1 in Polearms
  1042 | D:2      | Reached skill level 1 in Slings
  1042 | D:2      | Reached skill level 1 in Bows
  1042 | D:2      | Reached skill level 1 in Crossbows
  1042 | D:2      | Reached skill level 1 in Armour
  1042 | D:2      | Reached skill level 1 in Stealth
  1042 | D:2      | Reached skill level 1 in Shields
  1042 | D:2      | Reached skill level 1 in Unarmed Combat
  1042 | D:2      | Reached skill level 1 in Spellcasting
  1042 | D:2      | Reached skill level 1 in Evocations
  1191 | D:2      | Reached XP level 4. HP: 30/38 MP: 5/5
  1254 | D:2      | Reached skill level 1 in Conjurations
  1254 | D:2      | Reached skill level 1 in Hexes
  1254 | D:2      | Reached skill level 1 in Charms
  1254 | D:2      | Reached skill level 1 in Summonings
  1254 | D:2      | Reached skill level 1 in Necromancy
  1254 | D:2      | Reached skill level 1 in Translocations
  1254 | D:2      | Reached skill level 1 in Transmutations
  1254 | D:2      | Reached skill level 1 in Fire Magic
  1254 | D:2      | Reached skill level 1 in Ice Magic
  1254 | D:2      | Reached skill level 1 in Air Magic
  1254 | D:2      | Reached skill level 1 in Earth Magic
  1254 | D:2      | Reached skill level 1 in Poison Magic
  1510 | D:2      | Reached XP level 5. HP: 42/43 MP: 6/6
  1986 | D:3      | Noticed Robin
  2012 | D:3      | Killed Robin
  2054 | D:3      | HP: 2/43 [fell downstairs (1)]
  2055 | D:3      | Killed from afar by an orc wizard

Skill      XL: |  1  2  3  4 |
---------------+-------------+-----
Invocations    | 1 |  1.6
Short Blades   | 1 |  1.4
Long Blades    | 1 |  1.4
Axes           | 1 |  1.4
Maces & Flails | 1 |  1.4
Polearms       | 1 |  1.4
Slings         | 1 |  1.4
Bows           | 1 |  1.4
Crossbows      | 1 |  1.4
Armour         | 1 |  1.4
Stealth        | 1 |  1.4
Shields        | 1 |  1.4
Unarmed Combat | 1 |  1.4
Spellcasting   | 1 |  1.4
Evocations     | 1 |  1.4
Conjurations   | 1 |  1.1
Hexes          | 1 |  1.1
Charms         | 1 |  1.1
Summonings     | 1 |  1.1
Necromancy     | 1 |  1.1
Translocations | 1 |  1.1
Transmutations | 1 |  1.1
Fire Magic     | 1 |  1.1
Ice Magic      | 1 |  1.1
Air Magic      | 1 |  1.1
Earth Magic    | 1 |  1.1
Poison Magic   | 1 |  1.1
Fighting       | |  4.7
Staves         | |  6.7
Throwing       | |  4.7
Dodging        | |  6.7

Action                   |  1- 3 |  4- 6 || total
-------------------------+-------+-------++-------
Melee: Quarterstaff      |    94 |    93 ||   187
       Bite              |     7 |    16 ||    23
Throw: Throwing net      |       |     1 ||     1
  Use: Potion            |       |     1 ||     1
 Stab: Sleeping          |     4 |       ||     4
  Eat: Chunk             |       |     3 ||     3
Armor: Leather armour    |    18 |    24 ||    42
Dodge: Dodged            |    79 |    43 ||   122
Block: Other             |       |     6 ||     6
